 Dungeon Crawl Stone Soup version 0.20-a0-386-g2d247ea (webtiles) character file.

62 Duskembrace the Vexing (level 3, -10/24 HPs)
             Began as a Vampire Enchanter on Dec 24, 2016.
             Was an Initiate of Dithmenos.
             Engulfed by a cloud of flame (20 damage)
             ... on level 2 of the Dungeon on Dec 29, 2016.
             The game lasted 00:07:10 (3121 turns).

Duskembrace the Vexing (Vampire Enchanter)          Turns: 3121, Time: 00:07:11

Health: -10/24     AC:  3    Str:  7    XL:     3   Next: 85%
Magic:  6/6        EV: 12    Int: 18    God:    Dithmenos [......]
Gold:   90         SH:  0    Dex: 14    Spells: 0/6 levels left

rFire  . . .     SeeInvis +     a - +1 dagger
rCold  + + .     Gourm    .     b - +1 robe
rNeg   + + +     Faith    +     (no shield)
rPois  ∞         Spirit   .     (no helmet)
rElec  .         Reflect  .     (no cloak)
rCorr  .         Harm     .     (no gloves)
MR     .....                    (no boots)
Stlth  +++++.....               j - amulet of faith
                                (no ring)
                                (no ring)

@: bloodless, non-regenerating
A: fangs 3, see invisible, unbreathing
a: Bat Form, Renounce Religion


You were on level 2 of the Dungeon.
You worshipped Dithmenos.
Dithmenos was noncommittal.
You were bloodless.

You visited 1 branch of the dungeon, and saw 2 of its levels.

You collected 90 gold pieces.

Inventory:

Hand Weapons
 a - a +1 dagger (weapon)
Missiles
 m - 16 poisoned needles
Armour
 b - a +1 robe (worn)
 u - cursed quicksilver dragon scales
Jewellery
 j - an amulet of faith (around neck)
Scrolls
 f - a scroll of amnesia {unknown}
 g - 2 scrolls of fog {unknown}
 h - 3 scrolls of identify {unknown}
 i - a scroll of remove curse {unknown}
 k - a scroll of teleportation {unknown}
 o - a scroll of fear {unknown}
 q - a scroll of enchant weapon {unknown}
 t - a scroll of enchant armour {unknown}
Potions
 d - 10 potions of blood
 e - a potion of degeneration {unknown}
 l - 3 potions of berserk rage {unknown}
 n - a potion of haste {unknown}
 p - a potion of resistance {unknown}
 s - a potion of heal wounds {unknown}
Books
 c - a book of Maledictions

   Spells                             Type                      Level
   a - Corona                         Hexes                        1
   b - Ensorcelled Hibernation        Hexes/Ice                    2
   c - Confuse                        Hexes                        3
   d - Tukima's Dance                 Hexes                        3
   e - Dazzling Spray                 Conjuration/Hexes            3
 r - a book of Minor Magic

   Spells                             Type                      Level
   a - Magic Dart                     Conjuration                  1
   b - Blink                          Translocation                2
   c - Call Imp                       Summoning                    2
   d - Repel Missiles                 Charms/Air                   2
   e - Slow                           Hexes                        2
   f - Conjure Flame                  Conjuration/Fire             3
   g - Mephitic Cloud                 Conjuration/Poison/Air       3


   Skills:
 + Level 1.3 Short Blades
 - Level 2.1 Dodging
 + Level 5.5 Stealth
 - Level 2.0 Spellcasting
 * Level 6.2 Hexes


You couldn't memorise any spells.
You knew the following spells:

 Your Spells              Type           Power        Failure   Level  Hunger
a - Corona                Hex            ###....      1%          1    #......
b - Ensorcelled Hibernat  Hex/Ice        ##....       10%         2    ###....
c - Confuse               Hex            ###.....     4%          3    ###....


Dungeon Overview and Level Annotations

Branches:
Dungeon (2/15)

Altars:
Ashenzari
Dithmenos


Innate Abilities, Weirdness & Mutations

You do not heal naturally.
You are immune to poison.
You have razor-sharp teeth.
You have supernaturally acute eyesight. (SInv)
You can survive without breathing.


Message History

Found a rapier.
You see here a rapier.
You see here a club.
You open the door.
There is an open door here.
You see here a scale mail.
You see here a club.
You see here 17 arrows.
Partly explored, can't reach some places.
You see here 17 arrows.
You see here a club.
You see here a scale mail.
Really walk into a travel-excluded area?
You are engulfed in roaring flames.
Ouch! That really hurt!
You see here quicksilver dragon scales. u - quicksilver dragon scales You are engulfed in roaring flames.
Ouch! That really hurt!
You die...

######.#.......................#
.......#.###########...#######.#
########.####### #.§§# #.#
#...........)..# #§$§# #.#
#.######.####### #§§§# #.#
#.######.###########...##### #.#
#............##.§§§...[.§§§!##.#
.........###.#..§§§.??..§§§..#.#
..........##....@§§.!...§§§....#
#.#######.##########...#######.#
#..............# #§§§# #[#
#.........###### #§§§# #.#
################ #§§§# #.#
...............# #...#### #.#
################ #.#.#.# #.#
####...#.# #.# #......#.# #.#


There were no monsters in sight!

Vanquished Creatures
  2 oozes (D:1)
  3 worms (D:2)
  A leopard gecko (D:1)
  A ball python (D:1)
  3 giant cockroaches (D:1)
  4 goblins
  9 hobgoblins
  4 kobolds
  9 bats
  A frilled lizard (D:2)
  4 rats
41 creatures vanquished.

Notes
Turn   | Place    | Note
-------+----------+-------------------------------------------
     0 | D:1      | Duskembrace the Vampire Enchanter began the quest for the Orb.
     0 | D:1      | Reached XP level 1. HP: 13/13 MP: 3/3
   535 | D:1      | Reached skill level 5 in Hexes
   535 | D:1      | Reached XP level 2. HP: 19/19 MP: 3/5
   548 | D:1      | Learned a level 2 spell: Ensorcelled Hibernation
   892 | D:1      | Upgraded the game from 0.20-a0-350-ga83eecc to 0.20-a0-386-g2d247ea
   980 | D:1      | Reached skill level 5 in Stealth
  1319 | D:1      | Reached XP level 3. HP: 24/24 MP: 1/6
  1324 | D:1      | Learned a level 3 spell: Confuse
  1773 | D:2      | Found a shadowy altar of Dithmenos.
  1819 | D:2      | Became a worshipper of Dithmenos the Shadowed
  1909 | D:2      | Reached skill level 6 in Hexes
  2113 | D:2      | Found a shattered altar of Ashenzari.
  3121 | D:2      | Engulfed by a cloud of flame

Vault maps used:
D:1:      dpeg_arrival_chase, minmay_circled_x
D:2:      grunt_dithmenos_smoke, lemuel_round_altar, lemuel_flame_loot_1

Skill      XL: |  1  2  3 |
---------------+----------+-----
Hexes          | 5 6 |  6.2
Stealth        | 5 |  5.5
Short Blades   | |  1.3
Dodging        | |  2.1
Spellcasting   | |  2.0

Action                   || total
-------------------------++-------
Melee: Dagger            ||   138
       Bite              ||     5
 Cast: Corona            ||     9
       Ensorcelled Hiber ||    13
       Confuse           ||     3
 Stab: Sleeping          ||    23
       Confused          ||     1
  Eat: Corpse            ||     1
Armor: Robe              ||    48
Dodge: Dodged            ||    87
